 Dungeon Crawl Stone Soup version 0.18.1-50-g88ac8fd (webtiles) character file.

718 magog001 the Shield-Bearer (level 7, -3/61 HPs)
             Began as a Minotaur Fighter on Jan 11, 2018.
             Slain by an ogre
             ... wielding a +0 giant spiked club
              (17 damage)
             ... on level 5 of the Dungeon.
             The game lasted 00:23:29 (3829 turns).

magog001 the Shield-Bearer (Minotaur Fighter)       Turns: 3829, Time: 00:23:30

Health: -3/61      AC: 12    Str: 22    XL:     7   Next: 42%
Magic:  6/6        EV:  5    Int:  5    God:
Gold:   180        SH: 11    Dex: 10    Spells: 0 memorised, 6 levels left

rFire  + . .     SeeInvis +     a - +1 war axe
rCold  . . .     Gourm    .     t - +0 plate armour
rNeg   . . .     Faith    .     c - +1 shield
rPois  .         Spirit   .     (helmet restricted)
rElec  .         Dismiss  .     (no cloak)
rCorr  .         Reflect  .     (no gloves)
SustAt .         Harm     .     (no boots)
MR     .....                    (no amulet)
Stlth  ..........               y - ring of see invisible
                                q - ring of protection from fire

@: not resistant to hostile enchantments, extremely unstealthy
A: retaliatory headbutt, horns 2
a: no special abilities


You were on level 5 of the Dungeon.
You were not hungry.

You visited 1 branch of the dungeon, and saw 5 of its levels.
You also visited: Sewer.

You collected 180 gold pieces.

Inventory:

Hand Weapons
 a - a +1 war axe (weapon)
 b - a +0 hand crossbow
 h - a +0 morningstar
 l - a +4 flail of protection
 w - a +2 scythe of slicing
Missiles
 j - 43 bolts
Armour
 c - a +1 shield (worn)
 t - a +0 plate armour (worn)
Jewellery
 q - a ring of protection from fire (left hand)
 y - a ring of see invisible (right hand)
Scrolls
 k - 2 scrolls of identify
 r - 2 scrolls of blinking
 x - a scroll of remove curse
Potions
 e - 2 potions of lignification
 m - a potion of curing
 n - a potion of degeneration {unknown}
 o - a potion of magic {unknown}
 p - a potion of beneficial mutation {unknown}
 s - a potion of haste {unknown}
 A - 2 potions of heal wounds {unknown}
Comestibles
 f - 5 bread rations
 g - 3 meat rations
 v - 5 fruits
 z - a slice of pizza


   Skills:
 * Level 5.2 Fighting
 * Level 4.8 Axes
 + Level 0.2 Crossbows
 * Level 6.3 Armour
 + Level 0.1 Stealth
 * Level 7.0 Shields


You had 6 spell levels left.
You didn't know any spells.

Dungeon Overview and Level Annotations

Branches:
Dungeon (5/15)             Temple (0/1) D:5

Altars:
Sif Muna
Vehumet


Innate Abilities, Weirdness & Mutations

You reflexively headbutt those who attack you in melee.
You have a pair of horns on your head.


Message History

The crimson imp is severely wounded.
You closely miss the crimson imp. You block the crimson imp's attack.
The crimson imp hits you but does no damage.
You barely miss the crimson imp.
You headbutt the crimson imp, but do no damage.
The crimson imp is severely wounded.
You miss the crimson imp. You block the crimson imp's attack.
The crimson imp blinks! x2
The crimson imp shouts, "Go and return not, thou unctious elf-skinned whip-jack!"
You hit the ogre. You headbutt the ogre!
The ogre is moderately wounded.
The ogre hits you with a giant spiked club!!
You hit the ogre but do no damage. You headbutt the ogre!
The ogre is almost dead.
The ogre hits you with a giant spiked club!!
* * * LOW HITPOINT WARNING * * *
You barely miss the ogre.
The ogre is almost dead.
The ogre hits you with a giant spiked club!
You die...

####### #.....## #
########...5.###....
#..........O@5......
#......>...##[.#....
#..........# ..... .
####.###.### #.....#
#.# #..# #..... #.#
..⌠.. ...#.
#.#...[... ###
##..#.⌠.>.⌠.#
#..##.......#


You could see an ogre and 2 crimson imps.

Vanquished Creatures
  Sigmund (D:2)
  A giant frog (Sewer)
  An orc priest (D:4)
  3 hounds (D:4)
  2 orc wizards (D:4)
  Ijyb (D:3)
  2 worker ants
  A hound skeleton (D:4)
  3 gnolls (D:3)
  9 adders
  3 river rats (D:3)
  2 worms
  2 dart slugs
  6 giant geckos
  4 orcs
  4 ball pythons
  12 giant cockroaches
  2 goblins
  8 hobgoblins
  8 jackals
  3 kobolds
  2 quokkas
  6 bats
  11 giant newts
  9 rats
106 creatures vanquished.

Notes
Turn   | Place    | Note
--------------------------------------------------------------
     0 | D:1      | magog001 the Minotaur Fighter began the quest for the Orb.
     0 | D:1      | Reached XP level 1. HP: 19/19 MP: 0/0
   139 | D:1      | Reached XP level 2. HP: 16/27 MP: 1/1
   292 | D:1      | Reached skill level 4 in Shields
  1079 | D:2      | Found a deep blue altar of Sif Muna.
  1098 | D:2      | Reached XP level 3. HP: 33/33 MP: 2/2
  1342 | D:2      | Noticed Sigmund
  1358 | D:2      | Killed Sigmund
  1358 | D:2      | Reached skill level 5 in Armour
  1358 | D:2      | Reached skill level 5 in Shields
  1358 | D:2      | Reached XP level 4. HP: 25/41 MP: 3/3
  1358 | D:2      | Reached XP level 5. HP: 29/47 MP: 4/4
  1630 | D:2      | Found a radiant altar of Vehumet.
  1821 | D:3      | Found a glowing drain.
  1838 | D:3      | Reached XP level 6. HP: 42/53 MP: 5/5
  1858 | Sewer    | Entered a sewer
  2218 | D:3      | Reached skill level 6 in Shields
  2222 | D:3      | Reached skill level 5 in Fighting
  2702 | D:3      | Noticed Ijyb
  2708 | D:3      | Killed Ijyb
  2913 | D:4      | Reached XP level 7. HP: 57/61 MP: 6/6
  3772 | D:5      | Entered Level 5 of the Dungeon
  3780 | D:5      | Found a staircase to the Ecumenical Temple.
  3805 | D:5      | Reached skill level 7 in Shields
  3829 | D:5      | Slain by an ogre

Skill      XL: |  1  2  3  4  5  6  7 |
---------------+----------------------+-----
Shields        | 4 5 6 7 |  7.0
Fighting       | 4 5 |  5.2
Armour         | 4 5 6 |  6.3
Axes           | 3 4 |  4.8
Crossbows      | |  0.2
Stealth        | |  0.1

Action                   |  1- 3 |  4- 6 |  7- 9 || total
-------------------------+-------+-------+-------++-------
Melee: War axe           |    89 |   171 |    68 ||   328
       Headbutt          |     8 |    22 |    15 ||    45
 Fire: Hand crossbow     |       |       |    12 ||    12
  Use: Scroll            |       |    12 |       ||    12
       Potion            |       |     2 |     4 ||     6
  Eat: Chunk             |     1 |     6 |     2 ||     9
       Pizza             |       |       |     1 ||     1
Armor: Scale mail        |    27 |       |       ||    27
       Chain mail        |     9 |       |       ||     9
       Plate armour      |     3 |   126 |    36 ||   165
       Skin              |       |       |    12 ||    12
Dodge: Dodged            |    27 |    33 |    10 ||    70
Block: Shield            |    44 |   104 |    39 ||   187
